 Dungeon Crawl Stone Soup version 0.20.1-1-g8b1a95d (webtiles) character file.

109 ChromeMolly the Shield-Bearer (level 4, -1/31 HPs)
             Began as an Octopode Fighter on Nov 4, 2017.
             Slain by an orc
             ... wielding a +0 falchion
              (2 damage)
             ... on level 3 of the Dungeon.
             The game lasted 00:08:28 (2408 turns).

ChromeMolly the Shield-Bearer (Octopode Fighter)    Turns: 2408, Time: 00:08:29

Health: -1/31      AC:  1    Str: 15    XL:     4   Next: 89%
Magic:  4/4        EV: 12    Int: 10    God:
Gold:   84         SH:  9    Dex: 12    Spells: 3/3 levels left

rFire    . . .     SeeInvis .   a - +0 rapier
rCold    . . .     Gourm    .   b - +0 shield
rNeg     . . .     Faith    .   (helmet restricted)
rPois    .         Spirit   .   j - amulet of inaccuracy (curse)
rElec    .         Reflect  .   (no ring)
rCorr    .         Harm     .   (no ring)
MR       .....                  (no ring)
Stlth    +++.......             (no ring)
Regen    0.1/turn               (no ring)
MPRegen  0.1/turn               (no ring)
                                (no ring)
                                (no ring)

@: no status effects
A: almost no armour, stealthy swim, amphibious, 8 rings, constrict 8, camouflage
1, gelatinous body 1
a: no special abilities


You were on level 3 of the Dungeon.
You were full.

You visited 1 branch of the dungeon, and saw 3 of its levels.

You collected 84 gold pieces.

Inventory:

Hand Weapons
 a - a +0 rapier (weapon)
Missiles
 e - 86 stones
 h - 2 javelins (quivered)
Armour
 b - a +0 shield (worn)
Jewellery
 j - a cursed amulet of inaccuracy (around mantle)
Scrolls
 i - 2 scrolls of recharging
 l - 2 scrolls of immolation
Potions
 c - 2 potions of might
 f - a potion of curing {unknown}
Comestibles
 d - a bread ration
 k - a meat ration


   Skills:
 + Level 3.1 Fighting
 + Level 2.2 Short Blades
 * Level 2.0 Throwing
 + Level 3.4 Dodging
 * Level 3.1 Stealth
 + Level 3.5 Shields


You had 3 spell levels left.
You didn't know any spells.

Dungeon Overview and Level Annotations

Branches:
Dungeon (3/15)

Altars:

Annotations:
D:3 Terence


Innate Abilities, Weirdness & Mutations

You cannot wear most types of armour.
You are very stealthy in the water. (Stealth+)
You are amphibious.
You can wear up to eight rings at the same time.
You can use your tentacles to constrict eight enemies at once.
Your skin changes colour to match your surroundings (Stealth+).
Your rubbery body absorbs attacks. (AC +1, EV +1)


Message History

You kill Jessica!
Your Throwing skill increases to level 2!
Your Stealth skill increases to level 3!
You stop sporulating.
Your +0 rapier unmelds from your body.
Your +0 shield unmelds from your body.
The bat hits you but does no damage. You block the bat's attack.
You block Terence's attack. The orc closely misses you.
The orc hits you with a falchion.
You hit the bat.
You kill the bat!
Terence hits you with a hand axe. You block the orc's attack.
The orc hits you with a falchion!
* * * LOW HITPOINT WARNING * * *
Unknown command.
You miss Terence. You grab Terence. You squeeze Terence.
Terence is heavily wounded.
You constrict Terence, but do no damage.
You block Terence's attack. The orc completely misses you.
The orc hits you with a falchion.
You die...

.)## ...# ...###
...... #########
.......# ........##
......## .........##
.....## ..........##
....## ......oo...##
...# ...##
...o..@@†...## .....
...# ......†).....#
...... ...#
.............# ......
...#
..⌠..⌠.......###......
.#)+
...##(.......'.#......
.#.+ ..
#$.......'...#....
...# .
..⌠.......#........
#..#
..........#....#.##
#..#
..........#...#..#


You could see Terence, an orc wizard (confused) and 2 orcs.

Vanquished Creatures
  Jessica (D:3)
  3 adders (D:2)
  2 leopard geckos
  2 orcs (D:3)
  4 bats
  5 giant cockroaches
  6 goblins
  9 hobgoblins
  3 quokkas
  2 frilled lizards (D:2)
  5 kobolds
  6 rats
48 creatures vanquished.

Notes
Turn   | Place    | Note
-------+----------+-------------------------------------------
     0 | D:1      | ChromeMolly the Octopode Fighter began the quest for the Orb.
     0 | D:1      | Reached XP level 1. HP: 16/16 MP: 1/1
   248 | D:1      | Reached XP level 2. HP: 21/21 MP: 2/2
   366 | D:1      | Reached skill level 1 in Throwing
   921 | D:2      | Reached XP level 3. HP: 22/26 MP: 3/3
  1042 | D:2      | Reached skill level 1 in Stealth
  1588 | D:2      | Reached XP level 4. HP: 20/31 MP: 4/4
  2364 | D:3      | Noticed Terence
  2377 | D:3      | Noticed Jessica
  2406 | D:3      | Killed Jessica
  2407 | D:3      | HP: 1/31 [orc/falchion (9)]
  2408 | D:3      | Slain by an orc

Skill      XL: |  1  2  3  4 |
---------------+-------------+-----
Throwing       | 1 2 |  2.0
Stealth        | 2 3 |  3.1
Fighting       | |  3.1
Short Blades   | |  2.2
Dodging        | |  3.4
Shields        | |  3.5

Action                   |  1- 3 |  4- 6 || total
-------------------------+-------+-------++-------
Melee: Rapier            |    63 |    36 ||    99
       Tentacles         |    12 |     6 ||    18
       Constrict         |    14 |     7 ||    21
       Unarmed           |       |    17 ||    17
Throw: Stone             |    24 |       ||    24
       Javelin           |     2 |     2 ||     4
  Use: Scroll            |     5 |     1 ||     6
 Stab: Sleeping          |     9 |     2 ||    11
  Eat: Fruit             |     4 |     1 ||     5
       Bread ration      |     1 |       ||     1
Armor: Skin              |    10 |    20 ||    30
Dodge: Dodged            |    19 |    89 ||   108
Block: Shield            |    25 |    24 ||    49
